Description

This build order in really easy to execute. He is designed safe and macro oriented. There is many scout timing and you can adapt to your opponent all game long.

The goal is to do a standard Gate Expand opening and then go to a fast Colossus / Phoenix playstyle.

This build can be done in all league. It's design to be really strong in defense and works against every kind of terran build order (cheese, all-in macro).

VOD

https://youtu.be/gHc0H705B4Q

Replay - pvt macro

Build Order

Get SALT Encoding   

  12  0:02  Probe  
  14  0:14  Probe  
  14  0:18  Pylon  
  14  0:26  Probe (Chrono Boost)  
  15  0:38  Probe (Chrono Boost)  
  15  0:40  Gateway  
  16  0:43  Probe (Chrono Boost)  
  17  0:50  Assimilator  
  17  0:54  Probe  
  18  1:06  Probe (Chrono Boost)  
  19  1:18  Probe (Chrono Boost)  
  20  1:29  Cybernetics Core  
  20  1:41  Nexus  
  20  1:42  Probe  
  21  1:49  Pylon  
  21  1:55  Probe  
  21  1:58  Assimilator  
  22  2:04  Adept (Chrono Boost)  
  25  2:15  Shield Battery  
  26  2:37  Stargate  
  26  2:38  Adept  
  29  2:46  Warp Gate  
  33  3:16  Adept  
  37  3:20  Phoenix (Chrono Boost)  
  40  3:33  Robotics Facility  
  42  3:44  Phoenix  
  46  4:05  Pylon x2  
  46  4:06  Assimilator  
  46  4:22  Nexus  
  47  4:26  Observer  
  47  4:31  Robotics Bay  
  50  4:38  Phoenix  
  50  4:41  Assimilator  
  55  4:53  Pylon  
  57  5:01  Immortal (Chrono Boost)  
  62  5:12  Observer  
  62  5:18  Extended Thermal Lance  
  63  5:26  Colossus (Chrono Boost)  
  72  5:43  Shield Battery  
  74  5:55  Twilight Council  
  76  6:04  Forge x2  
  76  6:07  Observer  
  76  6:09  Colossus (Chrono Boost)  
  76  6:17  Phoenix  
  90  6:33  Stalker, Protoss Ground Weapons Level 1 (Chrono Boost)  
  90  6:39  Charge (Chrono Boost)  
  95  6:50  Protoss Ground Armor Level 1 (Chrono Boost), Shield Battery  
  99  7:09  Colossus (Chrono Boost)  
  99  7:14  Assimilator  
  105  7:22  Assimilator  
  107  7:23  Gateway x3  
  107  7:33  Gateway x2  
  107  7:36  Templar Archives  
  107  7:43  Zealot  
  110  7:51  Shield Battery x2  
  114  7:58  Immortal  
  114  7:59  Phoenix  
  116  8:16  Zealot x2  
  117  8:31  Zealot x4  
  104  8:50  Zealot x2  
  104  8:53  Stalker x4  
  110  9:00  Protoss Ground Armor Level 2 (Chrono Boost)  
  113  9:09  Protoss Ground Weapons Level 2 (Chrono Boost)  
  113  9:12  Photon Cannon x2  
  116  9:19  High Templar x4  
  116  9:20  Zealot, Nexus  
  128  9:24  Archon x2  
  129  9:32  Gateway x3  
  129  9:39  Gateway  
  129  9:42  Observer  
  130  9:47  High Templar x2  
  130  9:52  High Templar x2  
  138  9:55  Archon x2  
Spawning Tool Build Advisor. Get it on Overwolf

Go to:

Details

  • Created by: zuka      
  • Published on: Feb 03, 2021
  • Patch: 4.11.0
  • Difficulty: Easy
Show
View Real Time Build Order
Export as new Build Order

Comments (0)

There are no comments. Be the first!

Create an account to comment!